AoeStats
← Doctor

Black Forest

509421211Analyzed
2v2 RM · 4d ago on Sep 26, 2026· 72m 27s· 4 players
Game mode
Random Map
Map size
Medium (4 player)
Population
200
Speed
Normal
Resources
Standard
Victory
Conquest
Starting age
Dark Age
Ending age
Imperial Age
RankedLock teamsTeams togetherTeam positionsShared explorationLock speedFull tech treeHidden civsTurbo modeCheats
Victory
Defeat
🇵🇱 Celts · Poland
667
+16
🇵🇱 Britons · Poland
659
+17
🇨🇳 Saxons · China
689
-17
🇦🇺 Poles · Australia
673
-16
belarusaczka
0:30 Loom
18:31 Feudal Age
19:03 Horse Collar
19:26 Double-Bit Axe
20:12 Gold Mining
20:13 Stone Mining
22:20 Wheelbarrow
21:32 Town Watch
22:09 Fishing Lines
24:27 Fletching
27:41 Castle Age
26:23 Scale Mail Armor
26:29 Scale Barding Armor
27:21 Padded Archer Armor
27:33 Forging
28:53 Caravan
29:17 Husbandry
28:42 Light Cavalry
29:25 Gillnets
29:56 Heavy Plow
31:50 Gold Shaft Mining
31:48 Bow Saw
36:15 Imperial Age
34:27 Murder Holes
34:53 Ballistics
35:32 Bodkin Arrow
35:55 Leather Archer Armor
35:57 Chain Mail Armor
36:03 Chain Barding Armor
37:13 Hand Cart
37:11 Warwolf
39:01 Chemistry
40:15 Yeomen
39:15 Elite Longbowman
41:19 Cavalier
42:44 Masonry
42:47 Fortified Wall
42:52 Masonry
42:46 Elite Longbowman
44:44 Ring Archer Armor
44:45 Plate Mail Armor
44:33 Guilds
48:30 Plate Barding Armor
47:56 Bracer
48:32 Iron Casting
56:10 Architecture
57:40 Careening
66:57 Blast Furnace
71:49 Heated Shot
71:41 Treadmill Crane
Doctor
1:39 Loom
16:20 Feudal Age
17:41 Wheelbarrow
16:48 Horse Collar
18:02 Double-Bit Axe
17:59 Fishing Lines
25:58 Castle Age
26:17 Gold Mining
26:23 Stone Mining
26:58 Gillnets
27:22 Bow Saw
27:15 Caravan
28:16 Fletching
28:47 Hand Cart
30:29 Gold Shaft Mining
30:32 Stone Shaft Mining
34:56 Imperial Age
33:30 Murder Holes
36:42 Imperial Age
34:19 Bodkin Arrow
34:35 Forging
34:26 Scale Mail Armor
35:38 Heavy Plow
36:41 Iron Casting
37:29 Chain Mail Armor
37:20 Heavy Scorpion
38:41 Conscription
42:10 Pikeman
43:49 Furor Celtica
45:06 Blast Furnace
47:27 Elite Woad Raider
49:42 Siege Engineers
49:59 Ballistics
54:43 Plate Mail Armor
54:07 Arson
rickyhodson79
9:22 Loom
12:51 Feudal Age
15:03 Double-Bit Axe
18:39 Horse Collar
21:26 Castle Age
19:56 Stone Mining
20:32 Forging
20:29 Scale Barding Armor
23:16 Bow Saw
23:10 Heavy Plow
24:16 Wheelbarrow
23:37 Gold Mining
32:27 Szlachta Privileges
33:22 Fletching
35:05 Stone Shaft Mining
35:11 Pikeman
36:20 Squires
44:01 Imperial Age
41:50 Hand Cart
42:41 Husbandry
42:08 Light Cavalry
42:46 Bodkin Arrow
42:54 Padded Archer Armor
42:55 Scale Mail Armor
44:06 Capped Ram
Rinidexuema
0:36 Loom
13:04 Feudal Age
13:49 Double-Bit Axe
17:41 Wheelbarrow
20:41 Castle Age
19:24 Gold Mining
19:23 Horse Collar
25:29 Heavy Plow
25:37 Stone Mining
28:21 Gold Shaft Mining
29:23 Bow Saw
32:43 Hand Cart
35:14 Imperial Age
33:23 Caravan
35:02 Treadmill Crane
37:04 Two-Man Saw
36:03 Elite Hearth Troop
37:05 Conscription
36:05 Shield Wall
37:21 Onager
38:54 Forging
38:44 Scale Mail Armor
39:23 Heavy Scorpion
43:04 Capped Ram
44:22 Crop Rotation
44:24 Chain Mail Armor
44:45 Iron Casting
45:55 Plate Mail Armor
45:29 Squires
45:16 Arson
45:17 Gambesons
46:47 Siege Ram
50:10 Arrowslits
50:36 Masonry
50:39 Fortified Wall
50:24 Murder Holes
51:14 Elite Varangian Guard
51:53 Fletching
52:51 Architecture
53:21 Fletching
Connection lost

Rejoining the realm…

Still unreachable

The connection could not be restored.

Session expired

The server has moved on; the page needs a fresh start.